AoeStats
← 馬上贏

African Clearing

506075747Analyzed
4v4 RM · 21d ago on Sep 12, 2026· 36m 15s· 8 players
Game mode
Random Map
Map size
Large (8 player)
Population
200
Speed
Normal
Resources
Standard
Victory
Conquest
Starting age
Dark Age
Ending age
Imperial Age
RankedLock teamsTeams togetherTeam positionsShared explorationLock speedFull tech treeHidden civsTurbo modeCheats
Victory
Defeat
🇹🇼 Mongols · Taiwan
1389
+13
1339
+15
🇨🇳 Khmer · China
1325
+15
🇨🇳 Vietnamese · China
1257
+18
🇧🇷 Turks · Brazil
1346
-17
🇲🇽 Mongols · Mexico
1334
-16
🇬🇧 Huns · United Kingdom
1311
-15
🇫🇷 Teutons · France
1249
-13
[CRX] Cristero
7:50 Loom
13:36 Feudal Age
17:45 Castle Age
17:38 Bloodlines
17:41 Forging
22:17 Scale Barding Armor
22:11 Double-Bit Axe
22:47 Husbandry
32:37 Wheelbarrow
Gareth Southgate
6:55 Loom
12:47 Feudal Age
13:57 Double-Bit Axe
18:28 Wheelbarrow
23:37 Castle Age
23:40 Forging
23:24 Gold Mining
24:12 Bloodlines
24:26 Husbandry
28:14 Iron Casting
31:25 Scale Barding Armor
MrBigPotato
13:02 Feudal Age
18:40 Castle Age
33:32 Double-Bit Axe
35:43 Bloodlines
76561199637642898
4:40 Loom
14:11 Feudal Age
18:29 Castle Age
18:09 Fletching
30:32 Padded Archer Armor
31:37 Leather Archer Armor
馬上贏
10:24 Loom
12:09 Feudal Age
16:11 Castle Age
14:54 Double-Bit Axe
14:49 Horse Collar
17:35 Bow Saw
17:26 Heavy Plow
18:04 Wheelbarrow
19:55 Gold Mining
24:33 Gold Shaft Mining
25:57 Scale Barding Armor
26:03 Forging
26:38 Husbandry
26:49 Bloodlines
28:16 Chain Barding Armor
28:59 Iron Casting
31:07 Town Watch
35:09 Hand Cart
今夜浓愁未到乡
5:06 Loom
12:58 Feudal Age
13:34 Double-Bit Axe
17:49 Wheelbarrow
17:49 Forging
23:19 Castle Age
22:10 Bloodlines
23:37 Scale Barding Armor
23:36 Light Cavalry
25:03 Chain Barding Armor
27:30 Husbandry
34:18 Town Watch
阿尔特留斯
14:03 Feudal Age
18:39 Castle Age
17:23 Stone Mining
17:37 Loom
17:51 Double-Bit Axe
19:57 Fletching
22:13 Bodkin Arrow
26:34 Bow Saw
26:21 Horse Collar
28:17 Wheelbarrow
30:44 Heavy Plow
30:36 Gold Mining
32:17 Padded Archer Armor
33:00 Ballistics
37:37 Imperial Age
35:41 Thumb Ring
36:20 Hand Cart
36:22 Town Watch
36:40 Murder Holes
根本就没有这样的民族
10:54 Loom
13:51 Feudal Age
17:45 Castle Age
15:49 Double-Bit Axe
16:03 Horse Collar
16:49 Fletching
19:40 Bodkin Arrow
22:50 Wheelbarrow
26:43 Ballistics
27:17 Padded Archer Armor
29:54 Bow Saw
33:31 Heavy Plow
37:04 Hand Cart
Connection lost

Rejoining the realm…

Still unreachable

The connection could not be restored.

Session expired

The server has moved on; the page needs a fresh start.